 Dungeon Crawl Stone Soup version 0.27-a0-1416-g941b2bd30b (webtiles) character file.

Game seed: 4337947202880385819

75 sokol815 the Chopper (level 4, -2/33 HPs)
             Began as a Demonspawn Gladiator on July 2, 2021.
             Slain by a phantom (6 damage)
             ... on level 3 of the Dungeon.
             The game lasted 00:04:06 (1585 turns).

sokol815 the Chopper (Demonspawn Gladiator)         Turns: 1585, Time: 00:04:07

Health: -2/33      AC:  7    Str: 14    XL:     4   Next: 11%
Magic:  4/4        EV: 12    Int:  9    God:
Gold:   48         SH:  4    Dex: 16    Spells: 3/3 levels left

rFire    . . .     SeeInvis .   m - +3 whip (venom)
rCold    . . .     Faith    .   (no shield)
rNeg     . . .     Spirit   .   b - +0 leather armour
rPois    .         Reflect  .   c - +0 helmet
rElec    .         Harm     .   (no cloak)
rCorr    .         Rampage  .   (no gloves)
Will     .....                  i - +2 pair of boots
Stlth    +.........             e - amulet of magic regeneration
HPRegen  0.11/turn              (no ring)
MPRegen  0.34/turn              (no ring)

@: no status effects
A: condensation shield
a: no special abilities


You were on level 3 of the Dungeon.
You visited 1 branch of the dungeon, and saw 3 of its levels.

You collected 48 gold pieces.

Inventory:

Hand Weapons
 a - a +0 war axe
 m - a +3 whip of venom (weapon)
   (You found it on level 2 of the Dungeon)
Missiles
 d - 3 throwing nets {!d}
Armour
 b - a +0 leather armour (worn)
 c - a +0 helmet (worn)
 i - a +2 pair of boots (worn)
   (You found it on level 2 of the Dungeon)
Magical Staves
 j - a staff of cold {rC+}
   (You found it on level 2 of the Dungeon)
Jewellery
 e - an amulet of magic regeneration (around neck)
   (You found it on level 1 of the Dungeon)
Scrolls
 k - a scroll of blinking {unknown}
 l - a scroll of fog {unknown}
 n - a scroll of identify {unknown}
 K - a scroll of immolation {!r}
Potions
 h - a potion of curing {unknown}
 o - a potion of haste {unknown}
 p - 2 potions of attraction {unknown}


   Skills:
 - Level 2.0 Fighting
 + Level 4.5 Axes
 - Level 1.7 Throwing
 - Level 2.6 Dodging
 + Level 0.3 Spellcasting


You had 3 spell levels left.
You didn't know any spells.
Your spell library contained the following spells:

 Spells                   Type           Power      Damage    Failure   Level
 Animate Skeleton         Necr           0%         N/A       45%         1
 Freeze                   Ice            0%         1d3       45%         1
 Pain                     Necr           0%         1d4       45%         1
 Call Canine Familiar     Summ           0%         N/A       83%         3
 Frozen Ramparts          Ice            0%         1d2       83%         3
 Portal Projectile        Hex/Tloc       0%         N/A       83%         3
 Animate Dead             Necr           0%         N/A       99%         4
 Hailstorm                Conj/Ice       0%         3d3       99%         4
 Leda's Liquefaction      Hex/Erth       0%         N/A       99%         4


Dungeon Overview and Level Annotations

Branches:
Dungeon (3/15)

Altars:

Shops:
D:1 ?


Innate Abilities, Weirdness & Mutations

A meltable shield of frost defends you. (SH +4)


Message History

s - 9 stones (gained 1)
s - 10 stones (gained 1)
s - 11 stones (gained 1)
A gnoll comes into view. It is wielding a +0 halberd.
The gnoll shouts!
A gnoll comes into view. It is wielding a +0 halberd.
You throw a stone. The stone barely misses the gnoll.
The gnoll shouts!
The gnoll hits you from afar with a +0 halberd.
You take 4 damage, and have 29/33 hp.
You throw a stone.
The stone hits the gnoll but does no damage.
The gnoll closely misses you.
You throw a stone.
The stone hits the gnoll but does no damage.
The gnoll misses you.
You throw a stone.
The stone hits the gnoll but does no damage.
The gnoll closely misses you.
You throw a stone. The stone barely misses the gnoll.
The gnoll misses you.
You throw a stone.
The stone hits the gnoll but does no damage.
The gnoll closely misses you.
You throw a stone.
The stone hits the gnoll but does no damage.
The gnoll hits you from afar with a +0 halberd.
You take 3 damage, and have 27/33 hp.
You throw a stone. The stone hits the gnoll.
The gnoll misses you.
You throw a stone. The stone closely misses the gnoll.
The gnoll hits you from afar with a +0 halberd!
You take 11 damage, and have 16/33 hp.
MASSIVE DAMAGE!!
There is a stone staircase leading down here.
The gnoll misses you.
You climb downwards.
An endoplasm and a goblin come into view.
The goblin shouts!
The endoplasm quivers.
Found 17 stones and 25 gold pieces.
Found a stone staircase leading down.
There is a stone staircase leading up here.
There are monsters nearby!
You are too injured to fight recklessly!
You are too injured to fight recklessly!
You are too injured to fight recklessly!
You are too injured to fight recklessly!
A rat comes into view.
Found a scroll labelled MILIEG ZEOSECO and 5 curare-tipped darts.
Found a stone staircase leading up.
The goblin misses you.
You are too injured to fight recklessly!
You hit the goblin.
You kill the goblin!
You block the endoplasm's attack.
You hit the endoplasm. You hit the endoplasm.
You kill the endoplasm!
The rat closely misses you.
You hit the rat.
You kill the rat!
You start resting.
A kobold comes into view. It is wielding a +0 dagger.
You regained 3 hp, and now have 22/33 hp.
You throw a stone. The stone barely misses the kobold.
The kobold shouts!
You throw a stone. The stone hits the kobold.
You throw a javelin. The javelin closely misses the kobold.
The kobold hits you but does no damage.
You hit the kobold.
You kill the kobold!
No target in view!
No target in view!
No target in view!
A phantom comes into view.
You regained 6 hp, and now have 28/33 hp.
There is a stone staircase leading up here.
You climb upwards.
The gnoll hits you from afar with a +0 halberd!
There is a stone staircase leading down, spattered with blood here.
You take 13 damage, and have 15/33 hp.
MASSIVE DAMAGE!!
The gnoll hits you from afar with a +0 halberd!
* * * LOW HITPOINT WARNING * * *
You climb downwards.
The phantom closely misses you.
There is a stone staircase leading up here.
You take 6 damage, and have 9/33 hp.
You hit the phantom. The phantom completely misses you.
You barely miss the phantom. You block the phantom's attack.
You hit the phantom. The phantom closely misses you.
You hit the phantom. The phantom barely misses you.
You hit the phantom. The phantom barely misses you.
You hit the phantom. The phantom barely misses you.
You hit the phantom. The phantom hits you.
* * * LOW HITPOINT WARNING * * *
The phantom blinks!
You blink.
You take 5 damage, and have 4/33 hp.
You hit the phantom.
A rat comes into view.
The phantom hits you.
You die...

.### ... # . r.#
?#( ..### #.###
....
#.....##...##.#..
......#.§......#
......>§.(.....##
###......@......<
#####.W........
#.)......##
#........#
..(.....####
..((..$.$...
####.......##
#####.... .....


You could see a phantom and a rat (wandering).

Vanquished Creatures
  An adder (D:2)
  3 dart slugs (D:1)
  4 ball pythons
  7 bats
  2 endoplasms
  6 goblins
  A hobgoblin (D:1)
  10 jackals
  6 quokkas
  A frilled lizard (D:1)
  6 kobolds
  7 rats
54 creatures vanquished.

Vanquished Creatures (others)
  32 plants (D:2)
32 creatures vanquished.

Grand Total: 86 creatures vanquished

Notes
Turn   | Place    | Note
-------+----------+-------------------------------------------
     0 | D:1      | sokol815 the Demonspawn Gladiator began the quest for the
                  | Orb.
     0 | D:1      | Reached XP level 1. HP: 16/16 MP: 1/1
    53 | D:1      | Reached skill level 3 in Axes
    75 | D:1      | Gained mutation: A meltable shield of frost defends you.
                  | (SH +4) [demonic ancestry]
    75 | D:1      | Reached XP level 2. HP: 20/22 MP: 2/2
   393 | D:1      | Reached XP level 3. HP: 27/27 MP: 3/3
   508 | D:1      | Reached skill level 4 in Axes
   697 | D:1      | Found Mobbasaz's Magic Scroll Emporium.
  1167 | D:2      | Reached XP level 4. HP: 30/33 MP: 4/4
  1226 | D:2      | Found a faded altar of an unknown god.
  1571 | D:3      | Noticed a phantom
  1576 | D:2      | HP: 8/33 [gnoll (7)]
  1584 | D:3      | HP: 4/33 [phantom (5)]
  1585 | D:3      | Slain by a phantom

Illustrated notes

Levels and vault maps discovered:
D:1:      lemuel_arrival_hallway, layout_basic, serial_shops, nicolae_shop_trees
D:2:      wad_woods_tower, layout_basic, basic_ecumenical_altar
D:3:      layout_rooms, gammafunk_ghost_smash

Skill      XL: |  1  2  3 |
---------------+----------+-----
Axes           | 3 4 |  4.5
Fighting       | |  2.0
Throwing       | |  1.7
Dodging        | |  2.6
Spellcasting   | |  0.3

Action                   |  1- 3 |  4- 6 || total
-------------------------+-------+-------++-------
Melee: War axe           |    93 |       ||    93
       Whip              |       |    16 ||    16
Throw: Javelin           |    12 |     1 ||    13
       Stone             |    36 |    16 ||    52
  Use: Scroll            |       |     1 ||     1
 Stab: Sleeping          |       |     1 ||     1
Armor: Leather armour    |    30 |     1 ||    31
Dodge: Dodged            |    59 |    16 ||    75
Block: Other             |    14 |     2 ||    16

Table legend: (Time is in decaauts)
 A = Elapsed time spent in this place.
 B = Non-inter-level travel time spent in this place.
 C = Inter-level travel time spent in this place.
 D = Time resting spent in this place.
 E = Time spent auto-exploring this place.
 F = Levels seen in this place.
 G = Mean time per level.
                   A        B        C        D        E       F      G
               +--------+--------+--------+--------+--------+-----+--------+
         Total |   1620 |   1592 |     28 |     28 |   1199 |   3 |  540.0 |
       Dungeon |   1620 |   1592 |     28 |     28 |   1199 |   3 |  540.0 |
               +--------+--------+--------+--------+--------+-----+--------+

Top non-repeatable levels by time:
     D:1: 842 daAuts
     D:2: 676 daAuts
     D:3: 101 daAuts

Table legend:
 A = Kills in this place as a percentage of kills in entire the game.
 B = Kills by you in this place as a percentage of kills by you in the entire game.
 C = Kills by friends in this place as a percentage of kills by friends in the entire game.
 D = Other kills in this place as a percentage of other kills in the entire game.
 E = Experience gained in this place as a percentage of experience gained in the entire game.
 F = Experience gained in this place divided by the number of levels of this place that you have seen.
                   A       B       C       D       E      F
               +-------+-------+-------+-------+-------+----------------------
         Total | 100.0 | 100.0 |   N/A |   N/A | 100.0 |  36.0
       Dungeon | 100.0 | 100.0 |   N/A |   N/A | 100.0 |  36.0
               +-------+-------+-------+-------+-------+----------------------
